AoeStats
← RedPhosphoru

Arabia

509791730Analyzed
1v1 RM · 4d ago on Sep 28, 2026· 25m 30s· 2 players
Game mode
Random Map
Map size
Tiny (2 player)
Population
200
Speed
Normal
Resources
Standard
Victory
Conquest
Starting age
Dark Age
Ending age
Imperial Age
RankedLock teamsTeams togetherTeam positionsShared explorationLock speedFull tech treeHidden civsTurbo modeCheats
Victory
Defeat
🇺🇸 Saxons · United States
2285
+5
🇵🇪 Bulgarians · Peru
1985
-5
nW | AtilA
9:02 Feudal Age
9:30 Double-Bit Axe
10:15 Loom
17:52 Castle Age
20:38 Fletching
RedPhosphoru
10:01 Feudal Age
8:40 Loom
13:56 Castle Age
22:17 Scale Mail Armor
23:53 Scale Mail Armor
24:52 Chain Mail Armor
Connection lost

Rejoining the realm…

Still unreachable

The connection could not be restored.

Session expired

The server has moved on; the page needs a fresh start.